 Dungeon Crawl Stone Soup version 0.28.0-43-g3370ac3207 (webtiles) character file.

Game seed: 11884172662972126032

95 adizb the Ruffian (level 4, -2/44 HPs)
             Began as a Troll Fighter on Mar 6, 2022.
             Was a Follower of Makhleb.
             Slain by an ogre
             ... wielding a +0 giant club
              (24 damage)
             ... on level 3 of the Dungeon.
             The game lasted 00:07:40 (1662 turns).

adizb the Ruffian (Troll Fighter)                   Turns: 1662, Time: 00:07:40

Health: -2/44      AC:  5    Str: 32    XL:     4   Next: 39%
Magic:  3/3        EV:  8    Int:  4    God:    Makhleb [*.....]
Gold:   78         SH:  7    Dex:  9    Spells: 3/3 levels left

rFire   . . .      SeeInvis .     - Unarmed
rCold   . . .      Faith    .   b - +0 kite shield
rNeg    . . .      Spirit   .   a - +0 robe
rPois   .          Reflect  .   h - +1 hat
rElec   .          Harm     .   (no cloak)
rCorr   .          Rampage  .   (gloves unavailable)
Will    .....                   (boots unavailable)
Stlth   +.........              (no amulet)
HPRegen 0.94/turn               m - +6 ring of strength
MPRegen 0.08/turn               (no ring)

@: mighty
A: large, unfitting armour, claws 3, regeneration 1, shaggy fur 1, tough skin 1
a: Renounce Religion


You were on level 3 of the Dungeon.
You worshipped Makhleb.
Makhleb was aware of your devotion.
You visited 1 branch of the dungeon, and saw 3 of its levels.

You collected 78 gold pieces.

Inventory:

Armour
 a - a +0 robe (worn)
 b - a +0 kite shield (worn)
 h - a +1 hat (worn)
 i - a +0 hat
Jewellery
 m - a +6 ring of strength (left claw)
Scrolls
 d - a scroll of identify {unknown}
 e - a scroll of holy word {unknown}
 j - a scroll of torment {unknown}
 k - a scroll of immolation {unknown}
 l - a scroll of noise {unknown}
Potions
 f - a potion of degeneration {unknown}
 g - a potion of invisibility {unknown}


   Skills:
 + Level 2.8 Fighting
 + Level 2.8 Dodging
 + Level 2.9 Shields
 * Level 3.2 Unarmed Combat
 + Level 0.6 Invocations


You had 3 spell levels left.
You didn't know any spells.
Your spell library contained the following spells:

 Spells                   Type           Power      Damage    Failure   Level
 Freeze                   Ice            0%         1d3       80%         1
 Sandblast                Erth           0%         2d4       80%         1
 Passwall                 Tmut/Erth      0%         N/A       91%         2
 Dazzling Flash           Conj/Hex       0%         N/A       99%         3
 Frozen Ramparts          Ice            0%         1d2       99%         3
 Stone Arrow              Conj/Erth      0%         3d7       99%         3
 Hailstorm                Conj/Ice       0%         3d3       100%        4
 Iskenderun's Mystic Bla  Conj/Tloc      0%         2d3       100%        4
 Starburst                Conj/Fire      0%         6d3       100%        6


Dungeon Overview and Level Annotations

Branches:
Dungeon (3/15)

Altars:
Makhleb


Innate Abilities, Weirdness & Mutations

You are too large for most types of armour.
You have claws for hands.
Your natural rate of healing is unusually fast.
You are covered in fur. (AC +1)
You have tough skin. (AC +1)


Message History

The quokka is heavily wounded.
The quokka closely misses you. You block the quokka's attack.
You claw the quokka!
You kill the quokka!
Makhleb accepts your kill.
You miss the frilled lizard. You block the frilled lizard's attack.
You scratch the frilled lizard.
You kill the frilled lizard!
Makhleb accepts your kill.
You scratch the endoplasm but do no damage.
The endoplasm freezes you.
You are frozen.
You claw the endoplasm!
You kill the endoplasm!
Makhleb accepts your kill.
You feel better.
You claw the kobold!
You kill the kobold!
Makhleb accepts your kill.
There is an open door here.
Things that are here:
a +0 short sword; 3 poisoned darts; a worm corpse You open the door.
There is an open door here.
You open the door.
An endoplasm, a bat, a jackal, an orc priest and an ogre come into view.
The orc priest is wielding a +2 falchion of holy wrath.
The orc priest shouts!
The ogre shouts!
The endoplasm quivers.
You scratch the ogre.
The ogre is moderately wounded.
An orc priest comes into view. It is wielding a +0 hand axe.
The ogre hits you with a +0 giant club!!
Ouch! That really hurt!
The orc priest shouts!
You feel very mighty all of a sudden. You block the bat's attack.
The ogre hits you with a +0 giant club!!
Ouch! That really hurt!
You die...

#...........#
#......#####'#####
#......#.........#
........#.8..8..8.#
##......#.........#
#......##+##)##'##
##.....# #..#..##
#.....# #.##...##
..# ##.@.# ##.
##Ob# # ##'# .h#
o..# o...# ##.J.#
#...# #...#


You could see an ogre, a jackal and a bat.

Vanquished Creatures
  2 adders (D:2)
  A worm (D:3)
  A dart slug (D:2)
  6 endoplasms
  A giant cockroach (D:2)
  3 goblins
  7 hobgoblins
  6 jackals
  4 quokkas
  9 ball pythons
  9 bats
  7 frilled lizards
  5 kobolds
  5 rats
66 creatures vanquished.

Notes
Turn   | Place    | Note
-------+----------+-------------------------------------------
     0 | D:1      | adizb the Troll Fighter began the quest for the Orb.
     0 | D:1      | Reached XP level 1. HP: 22/22 MP: 0/0
    94 | D:1      | Reached XP level 2. HP: 29/29 MP: 1/1
   540 | D:1      | Reached XP level 3. HP: 36/36 MP: 2/2
   729 | D:2      | Found a burning altar of Makhleb.
   754 | D:2      | Became a worshipper of Makhleb the Destroyer
  1012 | D:2      | Reached skill level 3 in Unarmed Combat
  1129 | D:2      | Reached XP level 4. HP: 44/44 MP: 3/3
  1411 | D:3      | Reached * piety under Makhleb
  1659 | D:3      | Noticed an ogre
  1662 | D:3      | Slain by an ogre

Illustrated notes

Levels and vault maps discovered:
D:1:      erik_arrival_blinker_ship, layout_basic, minmay_misc_feat_five,
          due_unseen_surprise
D:2:      layout_basic, basic_altar, minmay_surrounded
D:3:      minmay_chambers_of_threes, layout_rooms, hangedman_decor_growths,
          minmay_misc_feat_secret_circle

Skill      XL: |  1  2  3 |
---------------+----------+-----
Unarmed Combat | 3 |  3.2
Fighting       | |  2.8
Dodging        | |  2.8
Shields        | |  2.9
Invocations    | |  0.6

Action                   |  1- 3 |  4- 6 || total
-------------------------+-------+-------++-------
Melee: Unarmed           |   123 |    37 ||   160
  Use: Potion            |       |     1 ||     1
Armor: Robe              |    70 |     6 ||    76
Dodge: Dodged            |    58 |    10 ||    68
Block: Kite shield       |    54 |    10 ||    64
